 Dungeon Crawl Stone Soup version 0.23-a0-296-ga3b1b28 (webtiles) character file.

67 iamserjio the Sneak (level 4, -4/28 HPs)
             Began as an Octopode Enchanter on Oct 5, 2018.
             Slain by a hobgoblin
             ... wielding a +0 club
              (7 damage)
             ... on level 2 of the Dungeon.
             The game lasted 00:02:49 (327 turns).

iamserjio the Sneak (Octopode Enchanter)             Turns: 327, Time: 00:02:50

Health: -4/28      AC:  1    Str:  7    XL:     4   Next: 16%
Magic:  1/7        EV: 13    Int: 18    God:
Gold:   28         SH:  0    Dex: 12    Spells: 4/7 levels left

rFire    . . .     SeeInvis .   a - +1 dagger
rCold    . . .     Gourm    .   (no shield)
rNeg     . . .     Faith    .   (helmet restricted)
rPois    .         Spirit   .   (no amulet)
rElec    .         Reflect  .   (no ring)
rCorr    .         Harm     .   (no ring)
MR       .....                  (no ring)
Stlth    ++++......             (no ring)
HPRegen  0.09/turn              (no ring)
MPRegen  0.10/turn              (no ring)
                                (no ring)
                                (no ring)

@: no status effects
A: almost no armour, stealthy swim, amphibious, 8 rings, constrict 8, camouflage
1, gelatinous body 1
a: no special abilities


You were on level 2 of the Dungeon.
You were not hungry.

You visited 1 branch of the dungeon, and saw 2 of its levels.

You collected 28 gold pieces.

Inventory:

Hand Weapons
 a - a +1 dagger (weapon)
 d - a +3 whip
 e - a +0 hunting sling
Scrolls
 b - a scroll of remove curse {unknown}
 h - a scroll of identify {unknown}
 i - a scroll of blinking {unknown}
Comestibles
 c - 2 rations
 f - 5 chunks of flesh


   Skills:
 + Level 1.2 Fighting
 - Level 1.0 Short Blades
 + Level 2.5 Dodging
 + Level 4.6 Stealth
 * Level 2.0 Unarmed Combat
 - Level 2.0 Spellcasting
 - Level 3.0 Hexes
 + Level 0.8 Ice Magic


You had 4 spell levels left.
You knew the following spells:

 Your Spells              Type           Power        Failure   Level  Hunger
a - Corona                Hex            ##.....      5%          1    #......
b - Ensorcelled Hibernat  Hex/Ice        #.....       12%         2    ###....

Your spell library contained the following spells:

 Spells                   Type           Power        Failure   Level  Hunger
 Confuse                  Hex            ##......     16%         3    ###....
 Tukima's Dance           Hex            ##......     16%         3    ###....
 Dazzling Spray           Conj/Hex       #.....       28%         3    ###....


Dungeon Overview and Level Annotations

Branches:
Dungeon (2/15)

Altars:
Wu Jian


Innate Abilities, Weirdness & Mutations

You cannot wear most types of armour.
You are very stealthy in the water. (Stealth+)
You are amphibious.
You can wear up to eight rings at the same time.
You can use your tentacles to constrict eight enemies at once.
Your skin changes colour to match your surroundings (Stealth+).
Your rubbery body absorbs attacks. (AC +1, EV +1)


Message History

You kill Natasha!
Natasha growls in agony!
The white imp disappears in a puff of smoke!
Your Unarmed Combat skill increases to level 2!
You have reached level 4!
You see here the felid corpse of Natasha.
You butcher the felid corpse of Natasha.
f - 5 chunks of flesh (gained 2)
You see here the felid skeleton of Natasha.
A hobgoblin comes into view. It is wielding a club.
You see here a ration.
c - 2 rations (gained 1)
The hobgoblin shouts!
The hobgoblin closely misses you.
Casting: Ensorcelled Hibernation (safe; 12% risk of failure)
Aiming: Ensorcelled Hibernation (safe; 12% risk of failure)
Aim: a hobgoblin, wielding a club (chance to defeat MR: 57%)
The hobgoblin resists with significant effort.
The hobgoblin hits you with a club!
You die...

#.# ########.#
......##.#
#####...#.#
......)...#
####...### ##.##
#.# #@# #g# ###.##
#.# ###.......
##.######........##
###.รท..........##
#...........####
#.......#####
#.......#
.'....<...#


You could see a hobgoblin.

Vanquished Creatures
  Natasha (twice) (D:2)
  A worm (D:2)
  A bat (D:2)
  2 giant cockroaches (D:1)
  2 goblins (D:1)
  A hobgoblin (D:2)
  3 kobolds
  2 frilled lizards
  A rat (D:1)
15 creatures vanquished.

Notes
Turn   | Place    | Note
-------+----------+-------------------------------------------
     0 | D:1      | iamserjio the Octopode Enchanter began the quest for the
                  | Orb.
     0 | D:1      | Reached XP level 1. HP: 11/11 MP: 3/3
    98 | D:1      | Reached XP level 2. HP: 14/18 MP: 5/5
   140 | D:2      | Reached skill level 1 in Unarmed Combat
   175 | D:2      | Found an ornate altar of the Wu Jian Council.
   205 | D:2      | Noticed Natasha
   218 | D:2      | Learned a level 2 spell: Ensorcelled Hibernation
   228 | D:2      | Killed Natasha
   228 | D:2      | Reached skill level 1 in Fighting
   228 | D:2      | Reached XP level 3. HP: 10/23 MP: 6/6
   293 | D:2      | Noticed Natasha
   301 | D:2      | HP: 1/23 [Natasha/magic dart (5)]
   307 | D:2      | Killed Natasha
   307 | D:2      | Reached XP level 4. HP: 1/28 MP: 0/7
   327 | D:2      | Slain by a hobgoblin

Vault maps used:
D:1:      erik_arrival_triangle_large
D:2:      nicolae_overflow_crystal_walls, led_sif_pool,
          gammafunk_temple_overflow_wave, uniq_jessica, uniq_crazy_yiuf_cottage,
          uniq_natasha

Skill      XL: |  1  2  3 |
---------------+----------+-----
Unarmed Combat | 1 2 |  2.0
Fighting       | 1 |  1.2
Short Blades   | |  1.0
Dodging        | |  2.5
Stealth        | |  4.6
Spellcasting   | |  2.0
Hexes          | |  3.0
Ice Magic      | |  0.8

Action                   |  1- 3 |  4- 6 || total
-------------------------+-------+-------++-------
Melee: Dagger            |    32 |       ||    32
       Constrict         |     6 |       ||     6
       Tentacles         |     6 |       ||     6
 Cast: Corona            |     1 |       ||     1
       Ensorcelled Hiber |     3 |     1 ||     4
  Use: Potion            |     2 |       ||     2
 Stab: Sleeping          |     8 |       ||     8
Armor: Skin              |     1 |       ||     1
Dodge: Dodged            |     8 |     1 ||     9

Table legend:
 A = Non-vault XP
 B = Vault XP
 C = Vault XP percentage of total XP
 D = Non-vault monster count
 E = Vault monster count
 F = Vault count percentage of total count
                 A         B        C        D         E       F
            +---------+---------+-------+---------+---------+-------
      Total |      61 |      35 |  36.5 |      14 |       1 |   6.7
            +---------+---------+-------+---------+---------+-------
        D:1 |      12 |       0 |   0.0 |       7 |       0 |   0.0
        D:2 |      49 |      35 |  41.7 |       7 |       1 |  12.5
            +---------+---------+-------+---------+---------+-------
